 Dungeon Crawl Stone Soup version 0.29.0-15-g675c0067aa (webtiles) character file.

Game seed: 5506470760849527665

35 qw the Chopper (level 3, 0/31 HPs)
             Began as a Minotaur Berserker on Sept 12, 2022.
             Was a Follower of Trog.
             Slain by an orc wizard
             ... wielding a +0 dagger
              (3 damage)
             ... on level 2 of the Dungeon.
             The game lasted 00:00:19 (1253 turns).

qw the Chopper (Minotaur Berserker)                 Turns: 1253, Time: 00:00:20

Health: 0/31       AC:  2    Str: 23    XL:     3   Next: 17%
Magic:  2/2        EV: 12    Int:  4    God:    Trog [*.....]
Gold:   50         SH:  0    Dex:  9    Spells: 2/2 levels left

rFire   . . .      SeeInvis .   Y - +0 hand axe
rCold   . . .      Faith    .   (no shield)
rNeg    . . .      Spirit   .   b - +0 animal skin
rPois   .          Reflect  .   (helmet restricted)
rElec   .          Harm     .   (no cloak)
rCorr   .          Rampage  .   (no gloves)
Will    .....                   (no boots)
Stlth   +.........              (no amulet)
HPRegen 0.10/turn               (no ring)
MPRegen 0.08/turn               (no ring)

@: confused, on berserk cooldown, slowed, very slow
A: horns 2, retaliatory headbutt
a: Renounce Religion, Berserk


You were on level 2 of the Dungeon.
You worshipped Trog.
Trog was aware of your devotion.
You visited 1 branch of the dungeon, and saw 2 of its levels.

You collected 50 gold pieces.


Innate Abilities, Weirdness & Mutations

You have a pair of horns on your head.
You reflexively headbutt those who attack you in melee.


   Skills:
 - Level 3.6 Fighting
 + Level 5.2 Axes
 - Level 2.4 Armour
 - Level 2.1 Dodging


You had 2 spell levels left.
You didn't know any spells.
Your spell library was empty.

Inventory:

Hand Weapons
 Y - a +0 hand axe (weapon)
Armour
 b - a +0 animal skin (worn)
Scrolls
 a - 2 scrolls of teleportation
 f - a scroll of poison {unknown}
 g - a scroll of fear {unknown}
 h - a scroll of magic mapping {unknown}
Potions
 c - a potion of curing {unknown}
 d - a potion of might
 e - a potion of heal wounds {unknown}

Dungeon Overview and Level Annotations

Branches:
Dungeon (2/15)

Altars:
Zin

Shops:
D:1 (


Message History

2 orc wizards come into view.
Found a staff of death and a scroll labelled XISEBBAPLEF.
1237 ||| Stepping ~*~*~tactically~*~*~ (hiding).
You start waiting.
An orc wizard is nearby!
1243 ||| INVOKING Berserk.
A red film seems to cover your vision as you go berserk!
You feel yourself moving faster!
You feel mighty!
The orc wizard points at you and mumbles some strange words.
You are confused.
The orc wizard hits you with a +0 dagger.
You hear a shout!
You miss the orc wizard. Your headbutt misses the orc wizard.
You hear a shout!
The orc wizard casts a spell at you.
You are more confused.
A bat comes into view.
You're too confused to move!
You feel a strong urge to attack something.
You closely miss the orc wizard.
The orc wizard gestures wildly while chanting.
The orc wizard flickers and vanishes!
Deactivating autopickup; reactivate with Ctrl-A.
You bump into the rock wall.
You're too confused to move!
You feel a strong urge to attack something.
You are no longer berserk.
You are exhausted.
You feel yourself slow down. Something barely misses you.
Something hits you. x2
The orc wizard points at you and mumbles some strange words.
You are more confused.
You bump into the rock wall.
The bat hits you but does no damage.
The orc wizard points at you and mumbles some strange words.
The puff of flame hits you!
You hear some strange, mumbled words.
A magic dart appears from out of thin air!
The magic dart hits you! Something hits you.
You die...

### ##### ###
#########.####.#.# #.#
..............#..###.#####
#............###.........#
.#####..._..%#......###..
#......#%..##### ###
#.{....##%.#
#.#@.........#
#.#.#......#.#
|..o....bo#..##.##.#
#?####.##.#..##.# # #.
#.#..##.# .. ... #.# ##.
...# #. ..## ..


You could see an orc wizard and a bat.

Vanquished Creatures
  An adder (D:2)
  A dart slug (D:2)
  3 ball pythons
  5 endoplasms
  A giant cockroach (D:1)
  2 goblins (D:1)
  2 hobgoblins (D:1)
  A quokka (D:1)
  A frilled lizard (D:2)
  3 kobolds (D:1)
20 creatures vanquished.

Vanquished Creatures (others)
  A plant (D:1)
1 creature vanquished.

Grand Total: 21 creatures vanquished

Notes
Turn   | Place    | Note
-------+----------+-------------------------------------------
     0 | D:1      | qw the Minotaur Berserker began the quest for the Orb.
     0 | D:1      | Reached XP level 1. HP: 19/19 MP: 0/0
     0 | D:1      | 0 ||| qw: Version: 0.1-a-119-g272c26d
     0 | D:1      | 0 ||| qw: Game counter: 10957
     0 | D:1      | 0 ||| qw: Always use a shield: true
     0 | D:1      | 0 ||| qw: Do Orc after D:15 true
     0 | D:1      | 0 ||| qw: Do second Lair branch before Depths: true
     0 | D:1      | 0 ||| qw: Lair rune preference: random
     0 | D:1      | 0 ||| qw: Plans: Normal
     0 | D:1      | 0 ||| PLANNING D:1-11
    32 | D:1      | 32 ||| INVOKING Berserk.
   211 | D:1      | 211 ||| Stepping ~*~*~tactically~*~*~ (stealth).
   217 | D:1      | Reached skill level 4 in Axes
   405 | D:1      | Reached XP level 2. HP: 23/26 MP: 1/1
   491 | D:1      | Found Defuckan's Weapon Emporium.
   498 | D:1      | 498 ||| SHOPLISTING +0 club (13 gold, have 0).
   498 | D:1      | 498 ||| SHOPLISTING +0 mace (39 gold, have 0).
   498 | D:1      | 498 ||| SHOPLISTING +1 morningstar of holy wrath (184 gold,
                  | have 0).
  1028 | D:1      | 1028 ||| READING 3 scrolls labelled UNUSTO REUBU.
  1032 | D:1      | 1032 ||| DRINKING 2 fuming golden potions.
  1112 | D:2      | Found a glowing silver altar of Zin.
  1118 | D:2      | 1118 ||| Stepping ~*~*~tactically~*~*~ (stealth).
  1123 | D:2      | Reached skill level 5 in Axes
  1123 | D:2      | 1123 ||| Stepping ~*~*~tactically~*~*~ (stealth).
  1139 | D:2      | 1139 ||| Stepping ~*~*~tactically~*~*~ (stealth).
  1144 | D:2      | 1144 ||| Stepping ~*~*~tactically~*~*~ (stealth).
  1196 | D:2      | 1196 ||| Stepping ~*~*~tactically~*~*~ (stealth).
  1199 | D:2      | 1199 ||| Stepping ~*~*~tactically~*~*~ (stealth).
  1204 | D:2      | Reached XP level 3. HP: 29/31 MP: 2/2
  1237 | D:2      | 1237 ||| Stepping ~*~*~tactically~*~*~ (hiding).
  1243 | D:2      | 1243 ||| INVOKING Berserk.
  1253 | D:2      | HP: 3/31 [something/magic dart (8)]
  1253 | D:2      | Slain by an orc wizard

Levels and vault maps discovered:
D:1:      ncdulo_lavacross, layout_basic, serial_shops, shop,
          nicolae_hexahallways, nrook_mini_vaults, serial_bayou_crossing
D:2:      layout_loops_ring, basic_altar, roderic_roman_lattice

Skill      XL: |  1  2 |
---------------+-------+-----
Axes           | 4 5 |  5.2
Fighting       | |  3.6
Armour         | |  2.4
Dodging        | |  2.1

Action                   || total
-------------------------++-------
Melee: Hand axe          ||    56
       Headbutt          ||     4
Invok: Berserk           ||     1
  Use: Scroll            ||     1
       Potion            ||     1
Armor: Animal skin       ||    10
Dodge: Dodged            ||    24

Table legend:
 A = Non-vault XP
 B = Vault XP
 C = Vault XP percentage of total XP
 D = Non-vault monster count
 E = Vault monster count
 F = Vault count percentage of total count
                 A         B        C        D         E       F
            +---------+---------+-------+---------+---------+-------
      Total |      51 |       0 |   0.0 |      20 |       0 |   0.0
            +---------+---------+-------+---------+---------+-------
        D:1 |      28 |       0 |   0.0 |      15 |       0 |   0.0
        D:2 |      23 |       0 |   0.0 |       5 |       0 |   0.0
            +---------+---------+-------+---------+---------+-------
